 Dungeon Crawl Stone Soup version 0.31-a0-705-ga145531891 (webtiles) character file.

Game seed: 795407364126409932

164 Xavori the Cutter (level 5, -2/37 HPs)
             Began as an Octopode Chaos Knight on Sept 10, 2023.
             Was a Plaything of Xom.
             Slain by a scorpion (7 damage)
             ... on level 5 of the Dungeon.
             The game lasted 00:02:39 (8042 turns).

Xavori the Cutter (Octopode Chaos Knight)           Turns: 8042, Time: 00:02:41

Health: -2/37      AC:  2    Str: 12    XL:     5   Next: 45%
Magic:  5/5        EV: 13    Int: 14    God:    Xom [......]
Gold:   97         SH:  0    Dex: 13    Spells: 4/4 levels left

rFire   . . .        i - +2 rapier (protect)
rCold   . . .        (no shield)
rNeg    . . .        k - +0 hat
rPois   +            (no amulet)
rElec   +            (no ring)
rCorr   .            (no ring)
SInv    .            (no ring)
Will    +....        (no ring)
Stlth   +++          (no ring)
HPRegen 0.26/turn    (no ring)
MPRegen 0.09/turn    (no ring)
                     (no ring)

%: clarity
@: mighty, attractive, enlightened, flying
A: almost no armour, amphibious, 8 rings, camouflage 1, gelatinous body 1,
(nimble swimmer 1), tentacles, tentacle spike 1, clarity, poison resistance,
shaggy fur 1, electricity resistance, evolution 2, MP-powered wands
a: Renounce Religion


You were on level 5 of the Dungeon.
You worshipped Xom.
You were a very special plaything of Xom.
You visited 1 branch of the dungeon, and saw 4 of its levels.

You collected 97 gold pieces.

Inventory:

Hand Weapons
 a - a +0 short sword of chaos
 i - a +2 rapier of protection (weapon)
Missiles
 d - 4 throwing nets
Armour
 k - a +0 hat (worn)
Scrolls
 b - a scroll of butterflies
 c - 2 scrolls of identify {unknown}
 e - 3 scrolls of teleportation {unknown}
 g - a scroll of fear {unknown}
 h - a scroll of immolation {unknown}
 l - a scroll of blinking {unknown}
 o - a scroll of poison {unknown}
 p - a scroll of revelation {unknown}


   Skills:
 + Level 3.8 Fighting
 * Level 4.2 Short Blades
 + Level 2.9 Dodging
 + Level 3.7 Stealth


You had 4 spell levels left.
You didn't know any spells.
Your spell library contained the following spells:

 Spells                   Type           Power      Damage    Failure   Level
 Summon Small Mammal      Summ           0%         N/A       28%         1
 Call Canine Familiar     Summ           0%         N/A       65%         3
 Summon Guardian Golem    Hex/Summ       0%         N/A       65%         3
 Conjure Ball Lightning   Conj/Air       0%         3x3d6     100%        6
 Discord                  Hex            0%         N/A       100%        8
 Disjunction              Tloc           0%         N/A       100%        8


Dungeon Overview and Level Annotations

Branches:
Dungeon (3/15)

Altars:
Xom

Portals:
Sewer: D:5


Innate Abilities, Weirdness & Mutations

You cannot wear most types of armour.
You are amphibious.
You can wear up to eight rings at the same time.
Your skin changes colour to match your surroundings (Stealth+).
Your rubbery body absorbs attacks. (AC +1, EV +1)
((You are camouflaged when in or above water. (Stealth+)))
You have tentacles for arms and can constrict up to eight enemies at once.
One of your tentacles bears a spike.
You possess an exceptional clarity of mind.
Your system is resistant to poisons. (rPois)
You are covered in fur. (AC +1)
You are resistant to electric shocks. (rElec)
You have great hidden genetic potential.
You expend magic power (3 MP) to strengthen your wands.


Message History

The bat barely misses you. The bat hits you but does no damage.
You barely miss the bat. Your grab misses the bat.
You pierce the bat.
You kill the bat!
The scorpion stings you!
You barely miss the scorpion. You grab the scorpion.
The scorpion is heavily wounded.
Your cleaving frenzy subsides.
You constrict the scorpion, but do no damage.
The scorpion closely misses you.
It was a potion of cancellation.
You feel magically purged.
Xom thinks this is hilarious!
You constrict the scorpion, but do no damage.
The scorpion misses you.
The ufetubus hits you but does no damage.
The ufetubus closely misses you.
It was a potion of attraction.
You feel attractive to monsters.
You constrict the scorpion. The ufetubus barely misses you. x2
The scorpion misses you. The ufetubus hits you.
The ufetubus closely misses you.
It was a potion of enlightenment.
You feel very buoyant.
You fly up into the air.
You constrict the scorpion.
The centaur unwields a +0 shortbow.
The centaur hits you.
* * * LOW HITPOINT WARNING * * *
The centaur kicks you.
* * * LOW HITPOINT WARNING * * *
The scorpion stings you.
* * * LOW HITPOINT WARNING * * *
The ufetubus misses you. The ufetubus hits you.
* * * LOW HITPOINT WARNING * * *
Unknown command.
It was a potion of might.
You feel very mighty all of a sudden.
You constrict the scorpion.
The centaur hits you but does no damage.
The centaur closely misses you. The scorpion stings you!
You die...
Xom bursts into laughter!

.##~≈≈~~##.#.....
.~≈.....~~......
.≈~.~...~~...# ..#....
.≈~..∩......## .......
.≈~.....~~.## ......
.~≈.....≈~.## ##...#
w##~~~~~##c.# ##....#
#≈~~~~##.5#####....#
...~..w.....##@.....#
.
###...####...s5c....#
.. #...#
##.........### .. ...o
#...........## ...
#.............#####..#
#...####....#......#
....## #....#.....##
.....# #....#.....##
...... #....<......###


You could see a centaur, a scorpion and an ufetubus.

Vanquished Creatures
  A hound (D:5)
  Jessica (D:2)
  4 gnolls (D:2)
  An adder (D:2)
  A worm (D:3)
  2 dart slugs
  4 endoplasms
  4 giant cockroaches
  6 goblins
  4 hobgoblins
  4 kobolds
  2 quokkas (D:2)
  4 ball pythons
  7 bats
  5 frilled lizards
  9 rats
59 creatures vanquished.

Notes
Turn   | Place    | Note
-------+----------+-------------------------------------------
     0 | D:1      | Xavori the Octopode Chaos Knight began the quest for the
                  | Orb.
     0 | D:1      | Reached XP level 1. HP: 16/16 MP: 1/1
    94 | D:1      | XOM: divination: detect creatures
   108 | D:1      | Reached XP level 2. HP: 21/21 MP: 2/2
   328 | D:1      | XOM: silly message
   363 | D:1      | Reached XP level 3. HP: 25/26 MP: 3/3
   759 | D:1      | Found a faded altar of an unknown god.
   762 | D:1      | Reached skill level 1 in Stealth
  1091 | D:1      | XOM: divination: detect creatures
  1231 | D:2      | XOM: potion effect (curing)
  1239 | D:2      | Reached XP level 4. HP: 16/33 MP: 4/4
  1732 | D:1      | XOM: silly message
  2455 | D:1      | XOM: god gift: thick jewelled staff {god gift}
  2601 | D:1      | XOM: cloud trail
  2604 | D:1      | XOM: god gift: scroll labelled OTEJECWOME {god gift}
  3298 | D:1      | XOM: silly message
  3418 | D:1      | XOM: cloud trail
  4115 | D:1      | XOM: scenery: create altars
  4686 | D:1      | XOM: scenery: create altars
  4751 | D:1      | XOM is BORED!
  5141 | D:1      | XOM is BORED!
  5141 | D:1      | XOM: summons 2 hostile shadow creatures
  5428 | D:2      | XOM: give mutation
  5428 | D:2      | Gained mutation: One of your tentacles bears a spike.
                  | [Xom's grace]
  5540 | D:1      | XOM: give mutations
  5540 | D:1      | Gained mutation: Your flesh is cold resistant. (rC+) [Xom's
                  | mischief]
  5540 | D:1      | Gained mutation: You possess an exceptional clarity of
                  | mind. [Xom's mischief]
  5540 | D:1      | Gained mutation: You have hidden genetic potential. [Xom's
                  | mischief]
  5914 | D:1      | XOM: give mutations
  5914 | D:1      | Gained mutation: You are dopey. (Int -2) [Xom's mischief]
  5914 | D:1      | Gained mutation: You have great hidden genetic potential.
                  | [Xom's mischief]
  5914 | D:1      | Lost mutation: Your flesh is cold resistant. (rC+) [Xom's
                  | mischief]
  5914 | D:1      | Gained mutation: You expend magic power (3 MP) to
                  | strengthen your wands. [Xom's mischief]
  6353 | D:1      | XOM: summons 1 hostile demon
  6378 | D:2      | XOM: scenery: create altars
  6851 | D:1      | XOM: god gift: +2 rapier of protection
  6886 | D:1      | XOM: god gift: 6 stones
  7051 | D:1      | XOM: give mutations
  7051 | D:1      | Lost mutation: You are dopey. (Int -2) [Xom's grace]
  7051 | D:1      | Gained mutation: You are covered in fur. (AC +1) [Xom's
                  | grace]
  7051 | D:1      | Gained mutation: Your system is resistant to poisons.
                  | (rPois) [Xom's grace]
  7355 | D:2      | XOM: god gift: +0 hat
  7470 | D:2      | XOM: god gift: 4 boomerangs
  7523 | D:2      | Noticed Jessica
  7530 | D:2      | Killed Jessica
  7531 | D:2      | Reached skill level 4 in Short Blades
  7531 | D:2      | Reached XP level 5. HP: 37/37 MP: 5/5
  7708 | D:2      | Identified the +0 pair of boots "Howon" {Will+}
  7848 | D:3      | You fall into a shaft and drop 2 floors!
  7848 | D:5      | Entered Level 5 of the Dungeon
  7946 | D:5      | Gained mutation: You are resistant to electric shocks.
                  | (rElec) [hidden potential]
  8019 | D:5      | Found a glowing drain.
  8023 | D:5      | XOM: cleaving
  8024 | D:5      | Noticed a centaur
  8042 | D:5      | Slain by a scorpion

Illustrated notes

Levels and vault maps discovered:
D:1:      shiori_arrival_elements, layout_basic,
          dreamdust_ecumenical_altar_hidden_monk_grotto
D:2:      layout_loops_cross, uniq_jessica
D:3:      layout_rooms, mainiacjoe_overflow_concentric_impassable,
          nemelex_xobeh_ov_fountains_minmay, gammafunk_ghost_mausoleum,
          kennysheep_orc_chapel
D:5:      layout_layer_cave, cheibrodos_sewer_entry_sluice, uniq_ijyb

Skill      XL: |  1  2  3  4 |
---------------+-------------+-----
Stealth        | 1 3 |  3.7
Short Blades   | 4 |  4.2
Fighting       | |  3.8
Dodging        | |  2.9

Action                     |  1- 3 |  4- 6 || total
---------------------------+-------+-------++-------
  Melee: Short sword       |    53 |    15 ||    68
         Constrict         |    12 |    12 ||    24
         Tentacles         |     9 |    10 ||    19
         Rapier            |       |    31 ||    31
         Kick              |       |    10 ||    10
    Use: Potion            |       |     4 ||     4
   Stab: Sleeping          |     7 |     8 ||    15
 Armour: Skin              |    22 |    30 ||    52
  Dodge: Dodged            |    26 |    31 ||    57

Table legend: (Time is in decaauts)
 A = Elapsed time spent in this place.
 B = Non-inter-level travel time spent in this place.
 C = Inter-level travel time spent in this place.
 D = Time resting spent in this place.
 E = Time spent auto-exploring this place.
 F = Levels seen in this place.
 G = Mean time per level.
                   A        B        C        D        E       F      G
               +--------+--------+--------+--------+--------+-----+--------+
         Total |   8033 |   7941 |     92 |   6253 |   1252 |   4 | 2008.2 |
       Dungeon |   8033 |   7941 |     92 |   6253 |   1252 |   4 | 2008.2 |
               +--------+--------+--------+--------+--------+-----+--------+

Top non-repeatable levels by time:
     D:1: 6465 daAuts
     D:2: 1281 daAuts
     D:5: 193 daAuts
     D:3: 91 daAuts
